 Dungeon Crawl Stone Soup version 0.29.0-4-gdea44cf6ec (webtiles) character file.

Game seed: 6068363619931107955

429 qw the Chopper (level 6, -7/38 HPs)
             Began as a Gargoyle Fighter on Sept 10, 2022.
             Mangled by Prince Ribbit (15 damage)
             ... on level 6 of the Dungeon.
             The game lasted 00:01:51 (5052 turns).

qw the Chopper (Gargoyle Fighter)                   Turns: 5052, Time: 00:01:51

Health: -7/38      AC: 12    Str: 27    XL:     6   Next: 98%
Magic:  6/6        EV: 10    Int:  9    God:
Gold:   282        SH:  5    Dex: 15    Spells: 5/5 levels left

rFire   + . .      SeeInvis .   Y - +0 war axe
rCold   + . .      Faith    .   c - +0 buckler
rNeg    + . .      Spirit   .   b - +0 scale mail
rPois   inf        Reflect  .   (no helmet)
rElec   +          Harm     .   m - scarf {rC+ rF+}
rCorr   .          Rampage  .   f - +0 pair of gloves
Will    .....                   (no boots)
Stlth   ..........              (no amulet)
HPRegen 0.12/turn               h - +6 ring of strength
MPRegen 0.10/turn               q - +6 ring of dexterity

@: about to teleport
A: sickness immunity, AC +4, negative energy resistance 1, electricity
resistance, torment resistance 1, petrification resistance
a: no special abilities


You were on level 6 of the Dungeon.
You visited 1 branch of the dungeon, and saw 6 of its levels.

You collected 282 gold pieces.


Innate Abilities, Weirdness & Mutations

You are immune to sickness and miasma.
Your stone body is resilient. (AC +4)
You are immune to poison.
You resist negative energy. (rN+)
You are resistant to electric shocks. (rElec)
You are resistant to unholy torment.
You are immune to petrification.


   Skills:
 - Level 4.2 Fighting
 + Level 6.0 Axes
 - Level 3.2 Armour
 - Level 1.0 Dodging
 - Level 3.2 Shields


You had 5 spell levels left.
You didn't know any spells.
Your spell library was empty.

Inventory:

Hand Weapons
 g - a +0 whip
 Y - a +0 war axe (weapon)
Armour
 b - a +0 scale mail (worn)
 c - a +0 buckler (worn)
 f - a +0 pair of gloves (worn)
 m - a scarf of resistance (worn)
Jewellery
 h - a +6 ring of strength (left hand)
 q - a +6 ring of dexterity (right hand)
Scrolls
 a - 5 scrolls of identify
Potions
 d - 2 potions of might
 i - a potion of lignification
 j - 7 potions of curing
 k - 2 potions of haste
 o - a potion of attraction
 r - a potion of mutation

Dungeon Overview and Level Annotations

Branches:
Dungeon (6/15)
 Temple: D:4-7

Altars:
Ashenzari
Dithmenos
Qazlal
Trog

Shops:
D:1 (

Annotations:
D:6 Grinder, Prince Ribbit


Message History

There is a stone staircase leading up here.
There are monsters nearby!
Existing waypoints: (1) D:4 (2) D:5 Assign waypoint to what number? (0-9, D - delete waypoint) Waypoint 2 re-assigned from D:5 to D:6.
Grinder gestures at you. Pain shoots through your body!
You barely miss Prince Ribbit. Prince Ribbit closely misses you.
Prince Ribbit barely misses you.
Grinder blinks!
You closely miss Prince Ribbit. Prince Ribbit barely misses you.
Prince Ribbit hits you.
You miss Prince Ribbit. Prince Ribbit hits you.
You barely miss Prince Ribbit. Prince Ribbit hits you!
Prince Ribbit closely misses you.
You barely miss Prince Ribbit. You block Prince Ribbit's attack.
Grinder says, "You look like you could use a good racking."
Prince Ribbit hits you but does no damage.
You barely miss Grinder. You hit Prince Ribbit.
Prince Ribbit asks, "Just a little smooch?"
You block Prince Ribbit's attack. Grinder hits you! Prince Ribbit misses you.
You barely miss Prince Ribbit.
Prince Ribbit is lightly wounded.
You hit Grinder but do no damage. You block Prince Ribbit's attack.
Grinder closely misses you. Prince Ribbit hits you.
5051 ||| READING scroll of teleportation.
As you read the scroll of teleportation, it crumbles to dust.
You feel strangely unstable. Grinder hits you but does no damage.
Prince Ribbit hops awkwardly around.
You block Prince Ribbit's attack.
You slash Prince Ribbit!
Prince Ribbit is moderately wounded.
You hit Grinder but do no damage. Prince Ribbit hits you!
You die...

#####
##.<.##
##.....##
#....5@.#
#......F.#
#........#
#....###..
#..#. .#.
##..# .#..
#.. .# #.
#. .. ..


You could see Prince Ribbit and Grinder.

Vanquished Creatures
  A phantom (D:5)
  A necrophage (D:5)
  A scorpion (D:4)
  A howler monkey (D:5)
  A hound (D:5)
  Ijyb (D:3)
  Jessica (D:3)
  4 adders
  An ufetubus (D:4)
  A worm (D:5)
  3 dart slugs
  2 orcs
  11 endoplasms
  7 giant cockroaches
  5 goblins
  4 hobgoblins
  5 quokkas
  10 ball pythons
  3 bats
  3 frilled lizards
  5 kobolds
  3 rats (D:3)
74 creatures vanquished.

Notes
Turn   | Place    | Note
-------+----------+-------------------------------------------
     0 | D:1      | qw the Gargoyle Fighter began the quest for the Orb.
     0 | D:1      | Reached XP level 1. HP: 14/14 MP: 1/1
     0 | D:1      | 0 ||| qw: Version: 0.1-a-113-g051387a
     0 | D:1      | 0 ||| qw: Game counter: 7360
     0 | D:1      | 0 ||| qw: Always use a shield: true
     0 | D:1      | 0 ||| qw: God list: Okawaru
     0 | D:1      | 0 ||| qw: Allow faded altars: false
     0 | D:1      | 0 ||| qw: Do Orc after D:15 true
     0 | D:1      | 0 ||| qw: Do second Lair branch before Depths: true
     0 | D:1      | 0 ||| qw: Lair rune preference: random
     0 | D:1      | 0 ||| qw: Plans: Normal, Zot, God:TSO, Crypt, Tomb, Zig,
                  | Orb
     0 | D:1      | 0 ||| PLANNING D:1-11
    93 | D:1      | Found Vubeagha's Weapon Boutique.
    98 | D:1      | Reached skill level 2 in Axes
    99 | D:1      | 99 ||| SHOPLISTING +0 club (11 gold, have 3).
   138 | D:1      | 138 ||| DROPPING +0 club.
   152 | D:1      | HP: 2/14 [frozen (5)]
   156 | D:1      | Reached XP level 2. HP: 2/19 MP: 2/2
  1116 | D:1      | Reached skill level 3 in Axes
  1203 | D:1      | Reached XP level 3. HP: 19/23 MP: 3/3
  1332 | D:1      | 1332 ||| UPGRADING to +6 ring of strength.
  1333 | D:1      | 1333 ||| READING scroll labelled NUZUVV TEOBOH.
  1334 | D:1      | 1334 ||| READING scroll labelled DUPIAQ GUEDUI.
  1335 | D:1      | 1335 ||| READING scroll labelled VAFIYDUIRE.
  1336 | D:1      | 1336 ||| DRINKING 2 glowing pink potions.
  1365 | D:1      | 1365 ||| DRINKING 3 silvery potions.
  1964 | D:2      | Found a faded altar of an unknown god.
  2214 | D:2      | 2214 ||| UPGRADING to +0 pair of gloves.
  2219 | D:2      | 2219 ||| DROPPING +1 leather armour of cold resistance.
  2220 | D:2      | 2220 ||| READING 2 scrolls labelled GIYCKUG ROEWY.
  2221 | D:2      | 2221 ||| READING scroll labelled DAZUMP MIEMN.
  2222 | D:2      | 2222 ||| READING scroll labelled FUANTI NAPHAE.
  2227 | D:2      | 2227 ||| DRINKING 3 clear potions.
  2228 | D:2      | 2228 ||| DROPPING scroll of immolation.
  2347 | D:3      | Reached XP level 4. HP: 28/28 MP: 4/4
  2452 | D:3      | Found a shadowy altar of Dithmenos.
  2639 | D:3      | Noticed Ijyb
  2640 | D:3      | 2640 ||| Stepping ~*~*~tactically~*~*~ (hiding).
  2643 | D:3      | 2643 ||| Stepping ~*~*~tactically~*~*~ (hiding).
  2653 | D:3      | Paralysed by Ijyb for 5 turns
  2662 | D:3      | Killed Ijyb
  2663 | D:3      | Reached skill level 4 in Axes
  2917 | D:3      | Noticed Jessica
  2918 | D:3      | 2918 ||| Stepping ~*~*~tactically~*~*~ (hiding).
  2924 | D:3      | Killed Jessica
  2925 | D:3      | Reached XP level 5. HP: 28/32 MP: 5/5
  3016 | D:3      | 3016 ||| UPGRADING to +6 ring of dexterity.
  3017 | D:3      | 3017 ||| READING 2 scrolls labelled RUARIL PELUEM.
  3018 | D:3      | 3018 ||| READING scroll labelled DIONLU ECVAU.
  3119 | D:3      | 3119 ||| READING scroll labelled ANASEUZ IDWUSCH.
  3120 | D:3      | 3120 ||| READING 4 scrolls of identify.
  3120 | D:3      | 3120 ||| IDENTIFYING fizzy red potion
  3121 | D:3      | 3121 ||| READING 3 scrolls of identify.
  3121 | D:3      | 3121 ||| IDENTIFYING sedimented silvery potion
  3122 | D:3      | 3122 ||| READING 2 scrolls of identify.
  3122 | D:3      | 3122 ||| IDENTIFYING fizzy silvery potion
  3123 | D:3      | 3123 ||| DROPPING potion of berserk rage.
  3124 | D:3      | 3124 ||| DROPPING potion of magic.
  3125 | D:3      | 3125 ||| DROPPING scroll of amnesia.
  3381 | D:4      | Found a broken altar of Ashenzari.
  3391 | D:4      | 3391 ||| Stepping ~*~*~tactically~*~*~ (hiding).
  3396 | D:4      | 3396 ||| Stepping ~*~*~tactically~*~*~ (hiding).
  3652 | D:4      | Found a stormy altar of Qazlal.
  3691 | D:4      | 3691 ||| Stepping ~*~*~tactically~*~*~ (hiding).
  3703 | D:4      | Reached skill level 1 in Dodging
  3761 | D:4      | Found a bloodstained altar of Trog.
  3886 | D:4      | Reached skill level 5 in Axes
  3914 | D:4      | 3914 ||| UPGRADING to scarf of resistance.
  3919 | D:4      | 3919 ||| DROPPING scarf of invisibility.
  3920 | D:4      | 3920 ||| DROPPING ring of resist corrosion.
  3921 | D:4      | 3921 ||| READING scroll labelled UMIT FIOCVO.
  3922 | D:4      | 3922 ||| READING scroll labelled QOCYZI JUFEYPN.
  3923 | D:4      | 3923 ||| READING 4 scrolls of identify.
  3923 | D:4      | 3923 ||| IDENTIFYING cyan potion
  3924 | D:4      | 3924 ||| READING 3 scrolls of identify.
  3924 | D:4      | 3924 ||| IDENTIFYING orange potion
  3925 | D:4      | 3925 ||| DROPPING potion of degeneration.
  3954 | D:5      | Entered Level 5 of the Dungeon
  3971 | D:5      | Noticed a phantom
  3998 | D:5      | Killed a phantom
  3999 | D:5      | Reached XP level 6. HP: 26/38 MP: 6/6
  4480 | D:5      | Reached skill level 6 in Axes
  5041 | D:6      | Noticed Grinder
  5041 | D:6      | Noticed Prince Ribbit
  5050 | D:6      | HP: 7/38 [Prince Ribbit (3)]
  5051 | D:6      | 5051 ||| READING scroll of teleportation.
  5052 | D:6      | Mangled by Prince Ribbit

Levels and vault maps discovered:
D:1:      dpeg_arrival_simpleton_a, layout_basic, serial_shops,
          nicolae_shop_behind_doors
D:2:      layout_basic, chequers_ecumenical_altar_simple_redux
D:3:      layout_basic, mainiacjoe_overflow_concentric_impassable,
          serial_aquarium, aquarium_bridge_straight [aquarium_subvault_bridge,
          aquarium_subvault_window, aquarium_subvault_bridge,
          aquarium_subvault_wall], aquarium_bridge_straight
          [aquarium_subvault_bridge, aquarium_subvault_window,
          aquarium_subvault_bridge, aquarium_subvault_wall],
          aquarium_window_corner, aquarium_window_corridor_1, aquarium_window_1,
          aquarium_view_2e, aquarium_pool_double, kennysheep_jessica_study,
          uniq_ijyb
D:4:      layout_cave_pools, lemuel_crystal_altar,
          nicolae_overflow_hidden_temple, evilmike_ruin_ashenzari,
          serial_column_ruins, column_ruins_hut, column_ruins_hut,
          column_ruins_grid_1, column_ruins_corridor_corner,
          column_ruins_columns_straight, column_ruins_open_medium
D:5:      layout_basic
D:6:      layout_rooms, tgw_kikubaaqudgha, mainiacjoe_overflow_boulevard,
          minmay_statues_item, minmay_misc_feat_square, uniq_maggie,
          uniq_grinder, uniq_prince_ribbit1

Skill      XL: |  1  2  3  4  5  6 |
---------------+-------------------+-----
Axes           | 2 3 4 5 6 |  6.0
Dodging        | 1 |  1.0
Fighting       | 4 |  4.2
Armour         | |  3.2
Shields        | |  3.2

Action                   |  1- 3 |  4- 6 || total
-------------------------+-------+-------++-------
Melee: War axe           |   115 |   146 ||   261
  Use: Scroll            |     6 |    11 ||    17
       Potion            |     3 |       ||     3
Armor: Scale mail        |    57 |    82 ||   139
Dodge: Dodged            |    59 |    61 ||   120
Block: Buckler           |    14 |    28 ||    42

Table legend:
 A = Non-vault XP
 B = Vault XP
 C = Vault XP percentage of total XP
 D = Non-vault monster count
 E = Vault monster count
 F = Vault count percentage of total count
                 A         B        C        D         E       F
            +---------+---------+-------+---------+---------+-------
      Total |     457 |     157 |  25.6 |      70 |       4 |   5.4
            +---------+---------+-------+---------+---------+-------
        D:1 |      34 |       0 |   0.0 |      19 |       0 |   0.0
        D:2 |      30 |       0 |   0.0 |      19 |       0 |   0.0
        D:3 |      42 |      77 |  64.7 |      12 |       3 |  20.0
        D:4 |      37 |      80 |  68.4 |      13 |       1 |   7.1
        D:5 |     314 |       0 |   0.0 |       7 |       0 |   0.0
            +---------+---------+-------+---------+---------+-------
